 Dungeon Crawl Stone Soup version 0.18-a0-1418-ga86aa8f (webtiles) character file.

40 Ijustatesigmund the Insei (level 3, 0/26 HPs)
             Began as an Octopode Monk on Feb 26, 2016.
             Slain by a gnoll
             ... wielding a +0 spear
              (8 damage)
             ... on level 2 of the Dungeon.
             The game lasted 00:01:26 (1154 turns).

Ijustatesigmund the Insei (Octopode Monk)           Turns: 1154, Time: 00:01:28

Health: 0/26       AC:  1    Str: 10    XL:     3   Next: 50%
Magic:  3/3        EV: 13    Int: 12    God:
Gold:   30         SH:  0    Dex: 15    Spells: 0 memorised, 2 levels left

rFire  . . .     SeeInvis .       - Unarmed
rCold  . . .     Gourm    .     (no shield)
rNeg   . . .     Faith    .     (helmet restricted)
rPois  .         Spirit   .     (no amulet)
rElec  .         Dismiss  .     (no ring)
rCorr  .         Reflect  .     (no ring)
SustAt .         Harm     .     (no ring)
MR     .....                    (no ring)
Stlth  ++++......               (no ring)
                                (no ring)
                                (no ring)
                                (no ring)

@: not resistant to hostile enchantments, stealthy
A: almost no armour, amphibious, 8 rings, constrict 8, camouflage 1, gelatinous
body 1
a: no special abilities


You were on level 2 of the Dungeon.
You were not hungry.

You visited 1 branch of the dungeon, and saw 2 of its levels.

You collected 30 gold pieces.

Inventory:

Jewellery
 f - a +4 ring of strength {unknown}
Scrolls
 d - a scroll of teleportation {unknown}
 e - a scroll of noise {unknown}
Potions
 c - a potion of cure mutation {unknown}
Comestibles
 a - a bread ration
 g - a chunk of flesh


   Skills:
 - Level 3.0 Fighting
 - Level 3.0 Dodging
 + Level 4.0 Stealth
 + Level 4.7 Unarmed Combat


You had 2 spell levels left.
You didn't know any spells.

Dungeon Overview and Level Annotations

Branches:
Dungeon (2/15)

Altars:


Innate Abilities, Weirdness & Mutations

You cannot wear most types of armour.
You are amphibious.
You can wear up to eight rings at the same time.
You can use your tentacles to constrict eight enemies at once.
Your skin changes colour to match your surroundings (Stealth).
Your rubbery body absorbs attacks (AC +1).


Message History

You tentacle-slap the gnoll. You grab the gnoll.
The gnoll is heavily wounded.
You constrict the gnoll. The gnoll hits you with a spear.
The gnoll hits you with a spear!
* * * LOW HITPOINT WARNING * * *
The gnoll hits you with a club.
* * * LOW HITPOINT WARNING * * *
Read which item? (? for menu, Esc to quit)
Okay, then.
Drink which item? (? for menu, Esc to quit)
It was a potion of heal wounds.
You feel much better.
You constrict the gnoll, but do no damage.
The gnoll barely misses you. The gnoll hits you with a spear.
You tentacle-slap the gnoll. You grab the gnoll.
The gnoll is lightly wounded.
You constrict the gnoll.
You constrict the gnoll, but do no damage.
The gnoll hits you with a club! The goblin closely misses you.
The gnoll hits you with a spear!
You die...

#........ #.......#
# ##.......### ##.
...........
#..###...(....
#......g.g.>
#....8.ggg#
#..8.8.@.# ###
#.8._.8.g#
..###..8.8..#......
#.......8...+......
#..##..$)...# .....
#..####.....# .....
#..#........# ....
.#####..#.#......#
....
..........#.####.#


You could see 3 gnolls and 3 goblins.

Vanquished Creatures
  A gnoll (D:2)
  An adder (D:2)
  6 bats
  A giant cockroach (D:1)
  3 hobgoblins
  6 kobolds
  A quokka (D:2)
  3 rats (D:1)
22 creatures vanquished.

Notes
Turn   | Place    | Note
--------------------------------------------------------------
     0 | D:1      | Ijustatesigmund the Octopode Monk began the quest for the Orb.
     0 | D:1      | Reached XP level 1. HP: 16/16 MP: 1/1
   271 | D:1      | Reached XP level 2. HP: 18/21 MP: 2/2
   988 | D:2      | Reached XP level 3. HP: 12/26 MP: 3/3
  1140 | D:2      | Found a faded altar to an unknown god.
  1154 | D:2      | Slain by a gnoll

Vault maps used:
D:1:      sevenhm_arrival_forest_fort_large_2, serial_forest,
          infiniplex_forest_straight_4, infiniplex_forest_straight_4,
          infiniplex_forest_lined_2, infiniplex_forest_straight_2,
          infiniplex_forest_lined_2, infiniplex_forest_end_3,
          infiniplex_forest_end_2, kennysheep_crisscross
D:2:      ecumenical_altar_2

Skill      XL: |  1  2  3 |
---------------+----------+-----
Stealth        | 3 4 |  4.0
Fighting       | |  3.0
Dodging        | |  3.0
Unarmed Combat | |  4.7

Action                   || total
-------------------------++-------
Melee: Unarmed           ||    44
  Use: Potion            ||     1
 Stab: Sleeping          ||     8
  Eat: Chunk             ||     1
